 Dungeon Crawl Stone Soup version 0.20-a0-465-g6513c8f (webtiles) character file.

152 Ijustatesigmund the Conjurer (level 5, -1/63 HPs)
             Began as a Naga Wizard on Jan 12, 2017.
             Slain by a worker ant (4 damage)
             ... on level 4 of the Dungeon.
             The game lasted 00:11:08 (3776 turns).

Ijustatesigmund the Conjurer (Naga Wizard)          Turns: 3776, Time: 00:11:08

Health: -1/63      AC: 22    Str:  9    XL:     5   Next: 34%
Magic:  3/10       EV:  1    Int: 15    God:
Gold:   105        SH:  0    Dex: 11    Spells: 2/10 levels left

rFire  . . .     SeeInvis +     h - +0 mace (curse)
rCold  . . .     Gourm    .     (armour currently unavailable)
rNeg   + + +     Faith    .     (no shield)
rPois  +         Spirit   .     (helmet currently unavailable)
rElec  .         Reflect  .     (cloak currently unavailable)
rCorr  .         Harm     .     (gloves currently unavailable)
MR     .....     NoTele   +     (no barding)
Stlth  ++........               (no amulet)
                                i - ring of flight
                                k - -3 ring of intelligence (curse)

@: lethally poisoned (-1 -> -9), tree-form, repel missiles
A: see invisible, (deformed body), (poison resistance), (slowness 0), slow
metabolism 1, spit poison 1, AC +1
a: Spit Poison


You were on level 4 of the Dungeon.
You were not hungry.
You were a tree.
You visited 1 branch of the dungeon, and saw 3 of its levels.

You collected 105 gold pieces.

Inventory:

Hand Weapons
 h - a cursed +0 mace (weapon)
 j - a +1 short sword
Armour
 a - a +0 robe (melded)
 g - a +0 cloak (melded)
 n - a +1 helmet (melded)
Jewellery
 i - a ring of flight (right branch)
 k - a cursed -3 ring of intelligence (left branch)
Scrolls
 b - 2 scrolls of identify
Books
 c - a book of Minor Magic

   Spells                             Type                      Level
   a - Magic Dart                     Conjuration                  1
   b - Blink                          Translocation                2
   c - Call Imp                       Summoning                    2
   d - Repel Missiles                 Charms/Air                   2
   e - Slow                           Hexes                        2
   f - Conjure Flame                  Conjuration/Fire             3
   g - Mephitic Cloud                 Conjuration/Poison/Air       3
Comestibles
 d - a bread ration
 f - 2 slices of pizza


   Skills:
 - Level 1.5 Dodging
 - Level 3.0 Stealth
 - Level 3.3 Spellcasting
 + Level 3.4 Conjurations
   Level 1.0 Summonings
 - Level 1.0 Translocations
 + Level 1.8 Air Magic
 + Level 2.7 Poison Magic


You had 2 spell levels left.
You knew the following spells:

 Your Spells              Type           Power        Failure   Level  Hunger
a - Magic Dart            Conj           ##..         6%          1    None
b - Blink                 Tloc           N/A          21%         2    ##.....
c - Repel Missiles        Chrm/Air       #.....       21%         2    ##.....
d - Mephitic Cloud        Conj/Pois/Air  ##......     21%         3    ###....


Dungeon Overview and Level Annotations

Branches:
Dungeon (2/15)

Altars:


Innate Abilities, Weirdness & Mutations

You cannot wear boots.
((Your serpentine skin is tough. (AC +1)))
You have supernaturally acute eyesight. (SInv)
((Armour fits poorly on your strangely shaped body.))
((Your system is resistant to poisons. (rPois)))
((You cover ground very slowly.))
You have a slow metabolism.
You can spit poison.


Message History

The worker ant is almost dead.
You feel sick.
The worker ant bites you but does no damage. x2
You closely miss the worker ant.
The worker ant is almost dead.
The worker ant bites you but does no damage.
The worker ant bites you.
* * * LOW HITPOINT WARNING * * *
You are lethally poisoned!
The worker ant poisons you!
You closely miss the worker ant.
The worker ant is almost dead.
* * * LOW HITPOINT WARNING * * *
You feel sick.
The worker ant bites you but does no damage.
You barely miss the worker ant.
The worker ant is almost dead.
* * * LOW HITPOINT WARNING * * *
You feel sick. The worker ant bites you.
You die...

.... .... ..
[.. . #.. #..
...... ..
.#.#.. #.#
.....
##.##..####
#..♣a......
#..........
...
#........#.
....
#....#..#..
.....
#....#.## #
..... #....#
#
.....###....#
............#
............#


You could see a worker ant.

Vanquished Creatures
  Crazy Yiuf (D:2)
  An adder (D:2)
  A howler monkey skeleton (D:4)
  An ooze (D:2)
  2 worms
  6 dart slugs
  6 leopard geckos
  9 bats
  3 giant cockroaches
  7 goblins
  10 hobgoblins
  5 jackals (D:1)
  8 kobolds
  4 frilled lizards (D:1)
  7 rats
  2 fungi (D:2)
73 creatures vanquished.

Notes
Turn   | Place    | Note
-------+----------+-------------------------------------------
     0 | D:1      | Ijustatesigmund the Naga Wizard began the quest for the Orb.
     0 | D:1      | Reached XP level 1. HP: 15/15 MP: 4/4
   452 | D:1      | Reached XP level 2. HP: 17/22 MP: 0/6
   512 | D:1      | Learned a level 2 spell: Blink
   515 | D:1      | Learned a level 2 spell: Repel Missiles
   885 | D:1      | Reached XP level 3. HP: 28/28 MP: 0/7
  1149 | D:2      | Learned a level 3 spell: Mephitic Cloud
  1693 | D:1      | Reached skill level 1 in Poison Magic
  1870 | D:1      | Reached XP level 4. HP: 36/36 MP: 2/9
  2250 | D:1      | Reached skill level 1 in Air Magic
  3100 | D:2      | Found a runed door.
  3104 | D:2      | Noticed Crazy Yiuf
  3112 | D:2      | Killed Crazy Yiuf
  3112 | D:2      | Reached XP level 5. HP: 42/42 MP: 0/10
  3298 | D:2      | You fall through a shaft for 2 floors!
  3776 | D:4      | HP: 3/63 [poisoned by a worker ant]
  3776 | D:4      | Slain by a worker ant

Vault maps used:
D:1:      dpeg_arrival_brainrot, minmay_hexomino_u4
D:2:      uniq_crazy_yiuf_cottage
D:4:      wad_river_or_something, first_bread, uniq_robin, uniq_grinder

Skill      XL: |  1  2  3  4 |
---------------+-------------+-----
Conjurations   | 2 3 |  3.4
Poison Magic   | 1 2 |  2.7
Air Magic      | 1 |  1.8
Dodging        | |  1.5
Stealth        | |  3.0
Spellcasting   | |  3.3
Summonings     | |  1.0
Translocations | |  1.0

Action                   |  1- 3 |  4- 6 || total
-------------------------+-------+-------++-------
Melee: Unarmed           |     8 |       ||     8
       Short sword       |     9 |    53 ||    62
       Mace              |       |    18 ||    18
 Cast: Magic Dart        |    95 |   104 ||   199
       Repel Missiles    |     1 |     1 ||     2
       Mephitic Cloud    |       |     1 ||     1
 Abil: Spit Poison       |     7 |     3 ||    10
  Use: Scroll            |     5 |     1 ||     6
       Potion            |       |     1 ||     1
 Stab: Sleeping          |       |     2 ||     2
  Eat: Chunk             |     2 |     4 ||     6
       Pizza             |       |     1 ||     1
Armor: Robe              |    11 |    12 ||    23
       Skin              |       |    15 ||    15
Dodge: Dodged            |    28 |    31 ||    59
       Deflected         |     1 |     1 ||     2
